AoeStats
← Battousai

Black Forest

509560750Analyzed
4v4 RM · 5d ago on Sep 27, 2026· 43m 44s· 8 players
Game mode
Random Map
Map size
Large (8 player)
Population
200
Speed
Normal
Resources
Standard
Victory
Conquest
Starting age
Dark Age
Ending age
Imperial Age
RankedLock teamsTeams togetherTeam positionsShared explorationLock speedFull tech treeHidden civsTurbo modeCheats
Victory
Defeat
🇷🇴 Ethiopians · Romania
1186
+14
🇮🇳 Teutons · India
1084
+18
🇨🇳 Spanish · China
1078
+18
🇹🇼 Varangians · Taiwan
1071
+19
🇲🇽 Danes · Mexico
1175
-19
🇨🇴 Burmese · Colombia
1147
-18
🇲🇽 Slavs · Mexico
1131
-17
1077
-15
EssLaBoa
3:26 Loom
11:57 Feudal Age
12:52 Loom
15:41 Castle Age
13:30 Double-Bit Axe
16:35 Wheelbarrow
16:45 Bow Saw
20:23 Horse Collar
20:30 Fishing Lines
22:19 Gillnets
23:10 Gold Mining
23:10 Stone Mining
23:49 Husbandry
25:21 Hand Cart
24:51 Town Watch
25:09 Heavy Plow
26:57 Gold Shaft Mining
27:16 Bloodlines
27:21 Forging
30:25 Imperial Age
28:47 Murder Holes
29:24 Ballistics
30:38 Town Patrol
31:18 Siege Engineers
32:13 Chemistry
32:00 Masonry
31:47 Onager
32:30 Squires
33:07 Iron Casting
32:38 Scale Barding Armor
33:03 Redemption
33:08 Block Printing
33:49 Detinets
37:27 Capped Ram
37:29 Siege Onager
39:13 Blast Furnace
38:33 Chain Barding Armor
38:36 Conscription
38:43 Siege Ram
40:18 Fortified Wall
39:43 Heavy Scorpion
40:03 Man-at-Arms
42:09 Elite Boyar
Battousai
0:40 Loom
13:39 Feudal Age
15:32 Double-Bit Axe
15:28 Horse Collar
17:50 Castle Age
19:05 Bow Saw
19:50 Heavy Plow
21:18 Gold Mining
25:01 Gold Shaft Mining
24:27 Stone Mining
25:59 Wheelbarrow
26:37 Scale Mail Armor
26:49 Forging
29:23 Imperial Age
28:12 Hand Cart
28:36 Stone Shaft Mining
29:06 Chain Mail Armor
29:27 Iron Casting
28:54 Hamask
31:17 Plate Mail Armor
31:38 Conscription
30:53 Elite Jomsviking
33:33 Blast Furnace
Estoy como loquita
5:00 Loom
12:38 Feudal Age
12:42 Man-at-Arms
13:50 Double-Bit Axe
14:52 Forging
14:42 Scale Mail Armor
21:47 Castle Age
21:04 Padded Archer Armor
21:10 Horse Collar
22:00 Fletching
22:57 Gold Mining
25:24 Pikeman
26:49 Chain Mail Armor
27:09 Iron Casting
27:45 Elite Skirmisher
29:10 Bodkin Arrow
32:01 Iron Casting
36:20 Scale Barding Armor
micoelchico
13:54 Feudal Age
19:49 Castle Age
25:13 Imperial Age
22:50 Horse Collar
23:18 Fishing Lines
24:37 Redemption
24:48 Sanctity
24:24 Gold Mining
27:08 Chemistry
26:12 Scale Mail Armor
26:22 Forging
26:35 Block Printing
26:45 Illumination
26:56 Theocracy
26:27 Loom
27:18 Wheelbarrow
26:50 Gambesons
26:26 Man-at-Arms
27:52 Squires
28:34 Fervor
27:47 Capped Ram
28:55 Hand Cart
28:26 Town Watch
29:38 Careening
29:36 Siege Engineers
29:36 Long Swordsman
30:21 Atonement
30:22 Devotion
31:19 Chain Mail Armor
31:40 Iron Casting
30:37 Two-Handed Swordsman
31:49 Scale Barding Armor
31:25 Champion
31:39 Light Cavalry
32:30 Bloodlines
32:46 Husbandry
36:30 Blast Furnace
37:25 Plate Mail Armor
39:48 Pikeman
AestivalCloud79
1:00 Loom
11:40 Feudal Age
16:07 Double-Bit Axe
18:45 Castle Age
18:02 Horse Collar
19:46 Bow Saw
25:49 Wheelbarrow
32:41 Imperial Age
29:46 Crossbowman
30:44 Heavy Plow
30:37 Gold Mining
30:42 Stone Mining
31:34 Thumb Ring
31:21 Fletching
31:32 Padded Archer Armor
32:53 Ballistics
32:45 Fortified Wall
33:00 Hand Cart
34:34 Bodkin Arrow
34:54 Leather Archer Armor
35:45 Chemistry
36:22 Hand Cart
36:57 Arbalester
39:02 Gold Shaft Mining
39:02 Stone Shaft Mining
43:00 Two-Man Saw
42:58 Bracer
43:28 Ring Archer Armor
43:09 Forging
42:59 Scale Mail Armor
43:05 Scale Barding Armor
43:24 Caravan
523988158
0:27 Loom
13:24 Feudal Age
18:57 Castle Age
18:50 Wheelbarrow
18:02 Double-Bit Axe
18:01 Horse Collar
33:05 Imperial Age
30:58 Hand Cart
30:41 Fishing Lines
32:25 Bow Saw
32:20 Heavy Plow
33:05 Scale Barding Armor
34:44 Cavalier
35:25 Husbandry
35:35 Bloodlines
37:34 Two-Man Saw
36:53 Caravan
37:23 Coinage
38:38 Chain Barding Armor
38:29 Forging
38:10 Fletching
38:21 Padded Archer Armor
39:21 Stone Mining
39:22 Gold Mining
40:09 Paladin
41:38 Coinage
42:39 Guilds
divyam_10
5:52 Loom
11:41 Feudal Age
16:51 Castle Age
14:44 Horse Collar
16:52 Double-Bit Axe
22:27 Stone Mining
24:40 Wheelbarrow
23:51 Town Watch
24:08 Scale Mail Armor
24:46 Gold Mining
25:05 Heavy Plow
25:55 Bow Saw
30:44 Imperial Age
29:16 Forging
29:22 Chain Mail Armor
28:58 Fletching
29:24 Squires
29:09 Arson
29:13 Gambesons
29:57 Chain Mail Armor
30:54 Iron Casting
32:42 Masonry
33:40 Plate Mail Armor
38:40 Blast Furnace
40:16 Elite Teutonic Knight
43:37 Hoardings
43:23 Conscription
bearwilson2001
8:17 Loom
12:31 Feudal Age
18:43 Castle Age
17:33 Double-Bit Axe
17:32 Horse Collar
19:41 Bow Saw
19:46 Fishing Lines
21:28 Heavy Plow
23:08 Wheelbarrow
23:35 Gillnets
25:42 Hand Cart
28:20 Gold Mining
32:01 Imperial Age
30:01 Scale Mail Armor
31:00 Chain Mail Armor
31:48 Forging
31:40 Squires
31:28 Gambesons
32:26 Elite Varangian Guard
32:52 Arson
33:51 Plate Mail Armor
34:05 Iron Casting
36:39 Blast Furnace
36:40 Conscription
36:13 Fletching
36:45 Ballistics
36:15 Gothikon
37:06 Stone Mining
37:49 Crop Rotation
38:34 Bodkin Arrow
39:42 Chemistry
41:46 Siege Engineers
41:45 Bracer
Connection lost

Rejoining the realm…

Still unreachable

The connection could not be restored.

Session expired

The server has moved on; the page needs a fresh start.